 Dungeon Crawl Stone Soup version 0.17-a0-1954-g0dddeaa (webtiles) character file.

10782 Shim the Covert (level 11, -1/53 HPs)
             Began as a Spriggan Enchanter on Oct 3, 2015.
             Was a Priest of Dithmenos.
             Slain by a warg (10 damage)
             ... on level 1 of the Orcish Mines.
             The game lasted 02:27:16 (21966 turns).

Shim the Covert (Spriggan Enchanter)               Turns: 21966, Time: 02:27:16

Health: -1/53      AC:  4    Str:  7    XL:     11   Next: 40%
Magic:  2/26       EV: 24    Int: 17    God:    Dithmenos [***...]
Gold:   1227       SH:  0    Dex: 17    Spells: 5 memorised, 19 levels left

rFire  . . .     SeeInvis +     x - +2 dagger (speed)
rCold  . . .     Clarity  .     U - +1 robe {Archmagi}
rNeg   . . .     SustAt   .     (shield restricted)
rPois  .         Gourm    .     (helmet restricted)
rElec  .         Spirit   .     E - +0 cloak
rCorr  .         Warding  .     (gloves unavailable)
rMut   .         Stasis   .     (boots unavailable)
MR     +++..                    (no amulet)
Stlth  +++++++++.               g - ring of protection from magic
                                n - ring of protection from magic

@: wreathed by umbra, studying Dodging, very quick, extremely resistant to
hostile enchantments, incredibly stealthy
A: unfitting armour, see invisible, herbivore 3, speed 3, slow metabolism 2
a: Shadow Step, Renounce Religion


You were on level 1 of the Orcish Mines.
You worshipped Dithmenos.
Dithmenos was most pleased with you.
You were full.

You visited 3 branches of the dungeon, and saw 14 of its levels.

You collected 1227 gold pieces.

Inventory:

Hand weapons
 a - a +1 dagger
 u - a +0 hunting sling of velocity
 v - a +3 spear
 x - a +2 dagger of speed (weapon)
 y - the +2 long sword of Purhi {slice, *Noise +Rage rC+ Int+4, unknown}
   (You found it on level 7 of the Dungeon)

   It inflicts extra damage upon your enemies.
   It affects your intelligence (+4).
   It protects you from cold.
   It lets you go berserk.
   It may make noises in combat.
 R - a +0 hand axe of chopping
 T - a +2 flail of distortion
Missiles
 m - 41 poisoned needles
 K - 4 tomahawks
 S - 4 exploding tomahawks
 V - 2 throwing nets (quivered)
Armour
 b - a +1 robe
 e - a +0 robe
 s - a +0 pair of gloves
 C - a +0 animal skin
 D - a +0 animal skin
 E - a +0 cloak (worn)
 U - a +1 robe of the Archmagi (worn)
Jewellery
 g - a ring of protection from magic (right hand)
 n - a ring of protection from magic (left hand)
Magical devices
 q - a wand of paralysis (6)
 I - a wand of hasting (5)
 P - a wand of frost (20)
 W - a wand of teleportation (4)
Scrolls
 j - 6 scrolls of remove curse
 o - 2 scrolls of identify
 t - a scroll of amnesia {unknown}
 w - 2 scrolls of enchant armour
 F - a scroll of enchant weapon {unknown}
 G - a scroll of random uselessness {unknown}
 M - a scroll of acquirement {unknown}
 N - a scroll of noise {unknown}
Potions
 f - a potion of lignification {unknown}
 h - a potion of flight {unknown}
 i - a potion of degeneration {unknown}
 k - a potion of invisibility {unknown}
 p - a potion of mutation {unknown}
 z - a potion of beneficial mutation {unknown}
 H - a potion of haste
 J - a potion of might {unknown}
 L - a potion of ambrosia {unknown}
 Q - a potion of agility {unknown}
Books
 c - a book of Maledictions

   Spells                             Type                      Level
   a - Corona                         Hexes                        1
   b - Ensorcelled Hibernation        Hexes/Ice                    2
   c - Confuse                        Hexes                        3
   d - Tukima's Dance                 Hexes                        3
   e - Dazzling Spray                 Conjuration/Hexes            3
 r - a manual of Dodging
Comestibles
 d - 2 meat rations
 l - 5 beef jerkies
 A - 6 slices of pizza
 B - 2 bread rations
 O - a royal jelly


   Skills:
 * Level 4.0 Fighting
 * Level 5.2 Short Blades
 * Level 2.9 Throwing
 - Level 9.0 Dodging
 - Level 13.7 Stealth
 + Level 10.5 Spellcasting
 + Level 2.6 Conjurations
 + Level 9.7 Hexes
 - Level 2.9 Ice Magic
 + Level 0.8 Invocations


You had 19 spell levels left.
You knew the following spells:

 Your Spells              Type           Power        Failure   Level  Hunger
a - Corona                Hex            ######.      1%          1    None
b - Ensorcelled Hibernat  Hex/Ice        #####.       1%          2    None
c - Confuse               Hex            ######..     1%          3    None
d - Tukima's Dance        Hex            ######..     1%          3    None
e - Dazzling Spray        Conj/Hex       #####...     1%          3    None


Dungeon Overview and Level Annotations

Branches:
Dungeon (10/15)            Temple (1/1) D:6             Orc (3/4) D:10
   Lair: D:8-11         Elf: Orc:3-4

Altars:
Ashenzari
Cheibriados
Dithmenos
Elyvilon
Fedhas
Gozag
Kikubaaqudgha
Makhleb
Nemelex Xobeh
Okawaru
Qazlal
Ru
Sif Muna
Trog
Vehumet
Xom
Yredelemnul
Zin
The Shining One

Shops:
D:4 (   D:6 }

Annotations:
D:6 Shim's ghost, average SpEn


Innate Abilities, Weirdness & Mutations

You are tiny and cannot use many weapons and most armour.
You have supernaturally acute eyesight.
You are a herbivore.
You cover ground extremely quickly.
You need consume almost no food.


Message History

You hit the warg but do no damage.
The warg is heavily wounded.
The warg bites you!
* * * LOW HITPOINT WARNING * * *
Casting: Ensorcelled Hibernation
Confirm with . or Enter, or press ? or * to list all spells.
Aiming: Confuse
Press: ? - help, Shift-Dir - straight line, p - warg You feel a surge of power!
The warg resists with significant effort.
The warg completely misses you.
Casting: Confuse
Confirm with . or Enter, or press ? or * to list all spells.
Aiming: Confuse
Press: ? - help, Shift-Dir - straight line, f - warg
Aim: a warg (heavily wounded, umbra, chance to defeat MR: 60%)
You feel a surge of power!
The warg resists with significant effort.
The warg bites you!
You die...

##.# ####
#.... ...#
##....
##...## .....
##.....#
#...##......#
#.....[...#
#..[$.##
#.)>h..#
##..)@##
#.#.## #####


You could see a warg.

Vanquished Creatures
  Harold (Orc:1)
  Erolcha (D:9)
  Pikel (D:7)
  2 orc sorcerers
  Maurice (D:10)
  A troll (D:10)
  2 two-headed ogres (D:9)
  A deep elf mage (D:9)
  A human (D:7)
  2 hippogriffs
  Menkaure (D:4)
  A water moccasin (D:9)
  A warg (Orc:3)
  6 orc warriors
  2 sky beasts
  An ice beast (D:7)
  A phantom (D:5)
  2 black bears (D:10)
  A necrophage (D:10)
  14 ogres
  2 centaurs
  2 big kobolds (D:9)
  7 giant frogs
  5 scorpions
  11 killer bees (D:9)
  3 crimson imps
  2 two-headed ogre zombies (D:9)
  2 giant frog skeletons
  8 hounds
  Jessica (D:2)
  10 orc priests
  3 iguanas
  16 orc wizards
  3 sheep (D:7)
  6 worker ants
  A hound zombie (D:5)
  2 hound skeletons
  A worker ant zombie (D:5)
  15 gnolls
  17 adders
  2 shadow imps (D:6)
  An adder zombie (D:5)
  2 adder skeletons
  A worm (D:2)
  7 giant geckos
  83 orcs
  8 goblins
  7 hobgoblins
  5 quokkas
  2 ball pythons
  A bat (D:2)
  6 giant cockroaches
  A giant cockroach zombie (D:5)
  5 giant newts
  9 jackals
  16 kobolds
  A quokka skeleton (D:5)
  A quokka zombie (D:10)
  5 rats
323 creatures vanquished.

Vanquished Creatures (collateral kills)
  4 two-headed ogres (D:9)
  5 ogres (D:9)
  2 orc wizards (Orc:1)
  3 orc priests
  5 orcs (Orc:1)
19 creatures vanquished.

Vanquished Creatures (others)
  A slave (D:7)
  An orc priest (D:8)
  A sheep (D:7)
  A gnoll (D:7)
  2 orcs (D:7)
  A goblin (D:7)
7 creatures vanquished.

Grand Total: 349 creatures vanquished

Notes
Turn   | Place    | Note
--------------------------------------------------------------
     0 | D:1      | Shim the Spriggan Enchanter began the quest for the Orb.
     0 | D:1      | Reached XP level 1. HP: 9/9 MP: 5/5
   380 | D:1      | Reached XP level 2. HP: 7/13 MP: 6/6
   384 | D:1      | Learned a level 2 spell: Ensorcelled Hibernation
   854 | D:2      | Reached skill level 5 in Stealth
   907 | D:2      | Noticed Jessica
   910 | D:2      | Killed Jessica
   910 | D:2      | Reached XP level 3. HP: 16/16 MP: 8/8
  1308 | D:2      | Reached XP level 4. HP: 19/21 MP: 9/9
  1322 | D:2      | Learned a level 3 spell: Confuse
  1326 | D:2      | Learned a level 3 spell: Tukima's Dance
  1389 | D:2      | Reached skill level 6 in Stealth
  2204 | D:2      | Reached XP level 5. HP: 24/24 MP: 9/11
  2314 | D:3      | Found a shimmering altar of Xom.
  2314 | D:3      | Found a blossoming altar of Fedhas.
  2314 | D:3      | Found an ancient bone altar of Kikubaaqudgha.
  2983 | D:4      | Noticed Menkaure
  3179 | D:4      | Noticed an ogre
  3215 | D:4      | Killed an ogre
  3215 | D:4      | Reached skill level 5 in Dodging
  3215 | D:4      | Reached skill level 7 in Stealth
  3250 | D:4      | Noticed an ogre
  3529 | D:4      | Reached XP level 6. HP: 22/28 MP: 12/12
  3882 | D:4      | Killed an ogre
  3934 | D:4      | Found Ixtar's Weapon Emporium.
  3966 | D:4      | Learned a level 3 spell: Dazzling Spray
  4373 | D:4      | Reached skill level 5 in Hexes
  4375 | D:4      | HP: 1/29 [poisoned by a scorpion]
  5202 | D:4      | Reached XP level 7. HP: 32/32 MP: 10/14
  5245 | D:5      | Entered Level 5 of the Dungeon
  5272 | D:5      | Go back to level 4
  5356 | D:5      | Reached skill level 1 in Fighting
  5356 | D:5      | Reached skill level 8 in Stealth
  6378 | D:4      | Killed Menkaure
  6481 | D:5      | Reached skill level 9 in Stealth
  6686 | D:5      | Reached skill level 5 in Spellcasting
  7525 | D:5      | Found a bloodstained altar of Trog.
  8010 | D:6      | Reached skill level 1 in Ice Magic
  8010 | D:6      | Reached XP level 8. HP: 37/37 MP: 13/17
  8386 | D:6      | Found Mosader's Gadget Emporium.
  8580 | D:6      | Found a staircase to the Ecumenical Temple.
  8584 | D:6      | Noticed Shim's ghost (average SpEn)
  8607 | Temple   | Entered the Ecumenical Temple
  8706 | Temple   | Became a worshipper of Dithmenos the Shadowed
  8931 | D:7      | Got a slimy long sword
  9975 | D:7      | Reached skill level 10 in Stealth
 10267 | D:7      | Noticed Pikel
 10269 | D:7      | Killed Pikel
 10269 | D:7      | Reached skill level 1 in Conjurations
 10269 | D:7      | Reached XP level 9. HP: 40/42 MP: 18/20
 10286 | D:7      | Reached skill level 11 in Stealth
 11154 | D:8      | Found a sacrificial altar of Ru.
 12069 | D:8      | HP: 2/42 [poisoned by a centaur]
 12910 | D:8      | Found a burning altar of Makhleb.
 13646 | D:9      | Found a white marble altar of Elyvilon.
 13804 | D:9      | Reached skill level 12 in Stealth
 14343 | D:9      | Reached XP level 10. HP: 44/47 MP: 20/23
 14382 | D:9      | Acquired Dithmenos's first power
 14478 | D:9      | Noticed Erolcha
 14481 | D:9      | Killed Erolcha
 14481 | D:9      | Reached skill level 13 in Stealth
 17101 | D:10     | Entered Level 10 of the Dungeon
 17112 | D:10     | Acquired Dithmenos's second power
 17390 | D:10     | Reached skill level 1 in Throwing
 17808 | D:10     | Reached XP level 11. HP: 52/52 MP: 4/25
 17873 | D:10     | Reached skill level 10 in Spellcasting
 18131 | D:10     | Noticed Maurice
 18134 | D:10     | Killed Maurice
 18329 | D:10     | Found a staircase to the Orcish Mines.
 18647 | Orc:1    | Entered Level 1 of the Orcish Mines
 20850 | Orc:3    | Reached skill level 5 in Short Blades
 21509 | Orc:1    | Noticed Harold
 21526 | Orc:1    | Killed Harold
 21966 | Orc:1    | Slain by a warg

Vault maps used:
D:1:      dpeg_arrival_radiant, minmay_misc_feat_enclosed
D:2:      uniq_jessica
D:3:      gammafunk_temple_overflow_claw
D:4:      serial_shops, kennysheep_mini, st_stairs_4, uniq_menkaure
D:5:      lemuel_doored_altar, first_bread
D:6:      minmay_temple_entry_poolview, serial_shops, shop
D:7:      lightli_bailey_entry_fortress, grunt_livestock, uniq_pikel
D:8:      hangedman_ru_absence, lemuel_coloured_pillars_altar,
          minmay_curled_crystal, hex_medium, uniq_prince_ribbit1
D:9:      lemuel_ogre_cave, nicolae_overflow_hidden_temple, grunt_ministairs_4
D:10:     minmay_lair_entry_lava, david_orc_4, uniq_maurice
Temple:   circular_temple_pool_12
Orc:1:    uniq_harold
Orc:3:    nicolae_orc_pool_cavern

Action                   |  1- 3 |  4- 6 |  7- 9 | 10-12 || total
-------------------------+-------+-------+-------+-------++-------
Melee: Dagger            |    59 |   226 |   400 |   303 ||   988
Throw: Throwing net      |       |       |     1 |     1 ||     2
       Tomahawk          |       |       |     2 |     6 ||     8
 Cast: Ensorcelled Hiber |     3 |    18 |    40 |    58 ||   119
       Confuse           |       |    11 |    24 |    17 ||    52
       Dazzling Spray    |       |     3 |    68 |    82 ||   153
       Corona            |       |     1 |     1 |       ||     2
       Tukima's Dance    |       |       |     2 |    16 ||    18
Invok: Shadow Step       |       |       |       |     7 ||     7
Evoke: Wand              |       |       |     1 |       ||     1
  Use: Scroll            |     1 |     1 |     3 |     1 ||     6
       Potion            |     1 |     1 |     2 |       ||     4
 Stab: Sleeping          |    11 |    19 |    45 |    50 ||   125
       Invisible         |       |     1 |    20 |    18 ||    39
       Confused          |       |     1 |     9 |     5 ||    15
       Distracted        |       |       |     2 |     5 ||     7
       Held in net/web   |       |       |       |     1 ||     1
  Eat: Bread ration      |       |     1 |     3 |     1 ||     5
       Pizza             |       |       |       |     1 ||     1
